 Dungeon Crawl Stone Soup version 0.28-a0-178-ga708605c5b (webtiles) character file.

Game seed: 8980732864881482982

93 dracfodder the Grave Robber (level 4, -2/33 HPs)
             Began as a Ghoul Necromancer on Aug 17, 2021.
             Slain by a scorpion (4 damage)
             ... on level 3 of the Dungeon.
             The game lasted 00:21:12 (3218 turns).

dracfodder the Grave Robber (Ghoul Necromancer)     Turns: 3218, Time: 00:21:13

Health: -2/33      AC:  2    Str: 11    XL:     4   Next: 62%
Magic:  1/7        EV: 12    Int: 11    God:
Gold:   691        SH:  5    Dex:  9    Spells: 3/9 levels left

rFire   . . .      SeeInvis .   b - +0 hand axe
rCold   + . .      Faith    .   (no shield)
rNeg    + + +      Spirit   .   a - +0 robe
rPois   ∞          Reflect  +   (no helmet)
rElec   .          Harm     .   (no cloak)
rCorr   .          Rampage  .   (no gloves)
Will    .....                   (no boots)
Stlth   ++........              h - amulet of reflection
HPRegen 0.00/turn               (no ring)
MPRegen 0.10/turn               (no ring)

@: inhibited regen
A: claws 1, cold resistance 1, negative energy resistance 3, inhibited
regeneration, torment resistance 2
a: no special abilities


You were on level 3 of the Dungeon.
You visited 1 branch of the dungeon, and saw 4 of its levels.

You collected 691 gold pieces.

Inventory:

Hand Weapons
 b - a +0 hand axe (weapon)
Missiles
 e - 164 stones
 j - 7 curare-tipped darts
Armour
 a - a +0 robe (worn)
Jewellery
 h - an amulet of reflection (around neck)
Scrolls
 f - 3 scrolls of teleportation
Potions
 c - a potion of heal wounds
 g - a potion of curing
 i - a potion of mutation {unknown}


   Skills:
 + Level 0.2 Axes
 + Level 1.9 Dodging
 + Level 2.4 Stealth
 + Level 0.1 Shields
 * Level 1.4 Unarmed Combat
 * Level 3.0 Spellcasting
 + Level 4.5 Necromancy


You had 3 spell levels left.
You knew the following spells:

 Your Spells              Type           Power      Damage    Failure   Level
a - Pain                  Necr           44%        1d6       4%          1
b - Animate Skeleton      Necr           22%        N/A       4%          1
c - Vampiric Draining     Necr           5%         2d6       12%         3
d - Magic Dart            Conj           4%         1d3       26%         1

Your spell library contained the following spells:

 Spells                   Type           Power      Damage    Failure   Level
 Call Imp                 Summ           1%         N/A       36%         2
 Conjure Flame            Conj/Fire      1%         6-21      61%         3
 Ignite Poison            Fire/Tmut/Pois 1%         N/A       61%         3
 Mephitic Cloud           Conj/Pois/Air  1%         N/A       61%         3
 Animate Dead             Necr           5%         N/A       38%         4
 Agony                    Necr           11%        N/A       75%         5
 Sticky Flame             Conj/Fire      1%         2d3       95%         4
 Beastly Appendage        Tmut           Unusable   N/A       N/A         1
 Wereblood                Tmut           Unusable   N/A       N/A         2
 Spider Form              Tmut/Pois      Unusable   N/A       N/A         3

Dungeon Overview and Level Annotations

Branches:
Dungeon (4/15)
 Temple: D:4-7

Altars:


Innate Abilities, Weirdness & Mutations

You thrive by killing the living.
You are immune to poison.
You have sharp fingernails.
Your flesh is cold resistant. (rC+)
You are immune to negative energy. (rN+++)
You do not regenerate when monsters are visible.
You are immune to unholy pain and torment.


Message History

The magic dart hits the scorpion but does no damage.
The scorpion is moderately wounded.
The scorpion closely misses you. The scorpion stings you.
There is a stone staircase leading up here.
The scorpion misses you.
You climb upwards.
There is a stone staircase leading down here.
Casting: Magic Dart (safe; 26% risk of failure)
Confirm with . or Enter, or press ? or * to list all spells.
Aiming: Pain (safe; 4% risk of failure)
Press: ? - help, Shift-Dir - straight line, f - scorpion
Aim: a scorpion (moderately wounded, chance to affect: 66%)
The scorpion writhes in agony.
The scorpion barely misses you.
Casting: Pain (safe; 4% risk of failure)
Confirm with . or Enter, or press ? or * to list all spells.
Aiming: Pain (safe; 4% risk of failure)
Press: ? - help, Shift-Dir - straight line, f/p - scorpion
Aim: a scorpion (heavily wounded, chance to affect: 66%)
The scorpion struggles to resist.
The scorpion stings you.
You hit the scorpion but do no damage.
The scorpion is heavily wounded.
The scorpion stings you. The scorpion stings you!
* * * LOW HITPOINT WARNING * * *
You are too injured to fight recklessly!
You are too injured to fight recklessly!
You are too injured to fight recklessly!
You are too injured to fight recklessly!
You are too injured to fight recklessly!
You hit the scorpion but do no damage.
The scorpion is moderately wounded.
The scorpion barely misses you.
You hit the scorpion but do no damage.
The scorpion is moderately wounded.
The scorpion barely misses you. The scorpion stings you.
* * * LOW HITPOINT WARNING * * *
You closely miss the scorpion.
The scorpion is moderately wounded.
The scorpion stings you.
You die...

#########)....####.##
.....................
##.......###...####.
#.......# #.#..#
##.......# #.#..# #
.........# #.#..###.#
##.......# #.#...[..#
##.......# #.##s.#..#
##.......# #.##.@#..#
##.......# #........#
######.### #######.##
# #.# #^# # #.# #.# #
#.# #.# #.# #.#
####.# #.# #.<#.# #.#


You could see a scorpion.

Vanquished Creatures
  Jessica (D:3)
  An adder (D:2)
  A dart slug (D:1)
  6 ball pythons
  5 endoplasms
  2 giant cockroaches (D:2)
  5 goblins
  3 hobgoblins (D:1)
  3 jackals (D:1)
  3 quokkas
  4 bats
  4 frilled lizards
  7 kobolds
  8 rats
53 creatures vanquished.

Vanquished Creatures (collateral kills)
  A dart slug (D:2)
  2 bats
  A frilled lizard (D:2)
  2 kobolds (D:2)
  A rat (D:2)
7 creatures vanquished.

Vanquished Creatures (others)
  19 plants (D:2)
19 creatures vanquished.

Grand Total: 79 creatures vanquished

Notes
Turn   | Place    | Note
-------+----------+-------------------------------------------
     0 | D:1      | dracfodder the Ghoul Necromancer began the quest for the
                  | Orb.
     0 | D:1      | Reached XP level 1. HP: 14/14 MP: 2/2
   743 | D:1      | Reached XP level 2. HP: 15/20 MP: 1/3
  1188 | D:1      | Learned a level 1 spell: Animate Skeleton
  1215 | D:1      | Reached XP level 3. HP: 26/26 MP: 3/5
  1349 | D:1      | Found a faded altar of an unknown god.
  1769 | D:1      | Learned a level 3 spell: Vampiric Draining
  1771 | D:1      | Learned a level 1 spell: Magic Dart
  2000 | D:2      | Identified a scroll of acquirement
  2000 | D:2      | Acquired 558 gold pieces
  2062 | D:2      | Reached skill level 1 in Unarmed Combat
  2399 | D:2      | Reached XP level 4. HP: 33/33 MP: 3/6
  3021 | D:3      | Noticed Jessica
  3025 | D:3      | Killed Jessica
  3205 | D:4      | Noticed a scorpion
  3218 | D:3      | Slain by a scorpion

Illustrated notes

Levels and vault maps discovered:
D:1:      lemuel_arrival_funnel, layout_loops_ring, basic_ecumenical_altar,
          minmay_pentomino_z2
D:2:      layout_basic, lexackson_kobold_supper
D:3:      layout_basic, minmay_distorted, uniq_jessica
D:4:      layout_loops_ring, dancing_weapons_uskayaw, enter_ossuary_3,
          minmay_misc_feat_rugged, nicolae_shop_self_help

Skill      XL: |  1  2  3  4 |
---------------+-------------+-----
Spellcasting   | 2 3 |  3.0
Unarmed Combat | 1 |  1.4
Axes           | |  0.2
Dodging        | |  1.9
Stealth        | |  2.4
Shields        | |  0.1
Necromancy     | |  4.5

Action                   |  1- 3 |  4- 6 || total
-------------------------+-------+-------++-------
Melee: Hand axe          |    70 |    12 ||    82
       Unarmed           |    11 |       ||    11
 Cast: Pain              |    54 |    18 ||    72
       Animate Skeleton  |    11 |     8 ||    19
       Magic Dart        |     2 |     5 ||     7
       Vampiric Draining |       |     1 ||     1
  Use: Scroll            |     4 |     1 ||     5
       Potion            |       |     1 ||     1
Armor: Robe              |    15 |     2 ||    17
Dodge: Dodged            |    61 |    14 ||    75
Block: Other             |    11 |     6 ||    17
       Reflection        |       |     2 ||     2

Table legend: (Time is in decaauts)
 A = Elapsed time spent in this place.
 B = Non-inter-level travel time spent in this place.
 C = Inter-level travel time spent in this place.
 D = Time resting spent in this place.
 E = Time spent auto-exploring this place.
 F = Levels seen in this place.
 G = Mean time per level.
                   A        B        C        D        E       F      G
               +--------+--------+--------+--------+--------+-----+--------+
         Total |   3243 |   3179 |     64 |    986 |   1471 |   4 |  810.8 |
       Dungeon |   3243 |   3179 |     64 |    986 |   1471 |   4 |  810.8 |
               +--------+--------+--------+--------+--------+-----+--------+

Top non-repeatable levels by time:
     D:1: 2006 daAuts
     D:2: 954 daAuts
     D:3: 274 daAuts
     D:4: 6 daAuts
